General information
- name: BNet
- type: Ladder team game (AT/RT)
- host: Battle.net
- saver: Gobiner
map: Monsoon
- players: 6
- length: 36:02
- speed: Fast
- version: 1.24 W3XP
- replay type: Public
» download(249 KB)
Players
team 1 (loser)
mr_huGGles (
orange | 95 APM | 3413 actions | 35:58)
5 Death Knight
3 Death Coil
2 Unholy Aura
4 Lich
2 Frost Nova
2 Frost Armor
» actions
| Assign group hotkey | 61 | |
| Basic commands | 3 | |
| Build / train | 61 | |
| ESC pressed | 2 | |
| Enter build submenu | 23 | |
| Enter hero's abilities submenu | 9 | |
| Give item / drop item | 7 | |
| Right click | 1704 | |
| Select / deselect | 483 | |
| Select group hotkey | 964 | |
| Use ability | 95 | |
3413 total
» units
| Acolyte | 4 | |
| Ghoul | 2 | |
| Crypt Fiend | 6 | |
| Frost Wyrm | 17 | |
29 total
» upgrades
| Creature Attack | 2 | |
| Creature Carapace | 3 | |
| Web | 1 | |
| Freezing Breath | 1 | |
7 total
» buildings
| Graveyard | 1 | |
| Ziggurat | 8 | |
| Crypt | 1 | |
| Altar of Darkness | 1 | |
| Tomb of Relics | 2 | |
| Nerubian Tower | 7 | |
| Halls of the Dead | 1 | |
| Black Citadel | 1 | |
| Sacrificial Pit | 1 | |
| Boneyard | 4 | |
| Spirit Tower | 1 | |
28 total
» build order
00:08 Graveyard
00:10 Ziggurat
00:13 Crypt
00:50 Altar of Darkness
00:57 Ziggurat
01:11 Tomb of Relics
01:16 Tomb of Relics
02:01 Ziggurat
02:51 Nerubian Tower
03:45 Halls of the Dead
04:18 Ziggurat
05:37 Ziggurat
06:10 Black Citadel
06:40 Sacrificial Pit
07:05 Ziggurat
08:35 Boneyard
08:37 Boneyard
09:06 Boneyard
09:11 Boneyard
09:20 Ziggurat
09:47 Ziggurat
19:09 Spirit Tower
30:08 Nerubian Tower
30:09 Nerubian Tower
30:10 Nerubian Tower
30:10 Nerubian Tower
30:12 Nerubian Tower
30:12 Nerubian Tower
» items
| Rod of Necromancy | 1 | |
| Dust of Appearance | 2 | |
| Orb of Corruption | 1 | |
4 total
orc145626 (
blue | 52 APM | 1888 actions | 35:58)
5 Dreadlord
2 Sleep
3 Vampiric Aura
» actions
| Assign group hotkey | 59 | |
| Basic commands | 26 | |
| Build / train | 120 | |
| ESC pressed | 4 | |
| Enter build submenu | 54 | |
| Enter hero's abilities submenu | 5 | |
| Give item / drop item | 1 | |
| Remove unit from queue | 4 | |
| Right click | 989 | |
| Select / deselect | 435 | |
| Select group hotkey | 98 | |
| Use ability | 92 | |
1888 total
» units
| Acolyte | 40 | |
| Ghoul | 15 | |
| Gargoyle | 16 | |
71 total
» upgrades
» buildings
| Crypt | 2 | |
| Altar of Darkness | 1 | |
| Ziggurat | 26 | |
| Tomb of Relics | 1 | |
| Nerubian Tower | 2 | |
| Graveyard | 1 | |
| Halls of the Dead | 2 | |
| Spirit Tower | 16 | |
| Necropolis | 10 | |
61 total
» build order
00:08 Crypt
00:15 Altar of Darkness
00:25 Ziggurat
01:13 Tomb of Relics
01:27 Nerubian Tower
01:27 Nerubian Tower
02:08 Ziggurat
02:17 Ziggurat
03:19 Ziggurat
04:14 Crypt
05:57 Graveyard
07:01 Halls of the Dead
07:01 Halls of the Dead
08:02 Ziggurat
09:05 Ziggurat
09:07 Ziggurat
14:55 Ziggurat
19:07 Spirit Tower
19:08 Spirit Tower
19:08 Spirit Tower
20:44 Necropolis
22:31 Spirit Tower
22:31 Spirit Tower
23:43 Necropolis
26:23 Ziggurat
26:24 Ziggurat
26:26 Ziggurat
26:33 Ziggurat
26:34 Ziggurat
26:35 Ziggurat
26:41 Ziggurat
27:19 Spirit Tower
27:19 Spirit Tower
27:29 Spirit Tower
27:30 Spirit Tower
27:38 Spirit Tower
27:39 Spirit Tower
27:39 Spirit Tower
27:40 Spirit Tower
27:52 Ziggurat
27:55 Ziggurat
28:42 Ziggurat
28:43 Ziggurat
29:44 Necropolis
30:23 Necropolis
30:34 Necropolis
32:05 Necropolis
32:11 Necropolis
32:37 Necropolis
33:02 Necropolis
33:31 Necropolis
33:55 Ziggurat
34:11 Ziggurat
34:40 Ziggurat
34:42 Ziggurat
34:52 Ziggurat
35:14 Ziggurat
35:41 Ziggurat
» items
| Potion of Healing | 9 | |
| Anti-magic Potion | 1 | |
| Scroll of Town Portal | 1 | |
| Sacrificial Skull | 3 | |
14 total

»
TheRaven1161 (
yellow | 70 APM | 2514 actions | 35:58)
3 Demon Hunter
2 Mana Burn
1 Evasion
» actions
| Assign group hotkey | 229 | |
| Basic commands | 17 | |
| Build / train | 70 | |
| ESC pressed | 6 | |
| Enter build submenu | 33 | |
| Enter hero's abilities submenu | 6 | |
| Right click | 1087 | |
| Select / deselect | 558 | |
| Select group hotkey | 421 | |
| Use ability | 87 | |
2514 total
» units
» upgrades
| Strength of the Wild | 3 | |
| Corrosive Breath | 1 | |
| Well Spring | 1 | |
| Ultravision | 1 | |
| Reinforced Hides | 3 | |
9 total
» buildings
| Altar of Elders | 1 | |
| Moon Well | 9 | |
| Hunter's Hall | 1 | |
| Ancient of War | 2 | |
| Ancient of Wonders | 3 | |
| Tree of Ages | 3 | |
| Tree of Eternity | 1 | |
| Ancient of Wind | 1 | |
| Tree of Life | 6 | |
| Chimaera Roost | 3 | |
30 total
» build order
00:13 Altar of Elders
00:21 Moon Well
01:29 Hunter's Hall
01:55 Ancient of War
01:58 Ancient of War
02:09 Ancient of Wonders
02:25 Moon Well
02:36 Moon Well
02:50 Tree of Ages
02:50 Tree of Ages
05:11 Tree of Eternity
05:17 Ancient of Wind
05:54 Tree of Life
08:26 Chimaera Roost
08:27 Chimaera Roost
08:28 Chimaera Roost
09:29 Moon Well
09:29 Moon Well
09:31 Moon Well
09:33 Moon Well
09:34 Moon Well
09:41 Moon Well
14:40 Tree of Life
15:13 Ancient of Wonders
15:19 Ancient of Wonders
17:46 Tree of Life
25:37 Tree of Life
27:49 Tree of Life
27:52 Tree of Life
» items
| Anti-magic Potion | 1 | |
| Boots of Speed | 1 | |
| Potion of Lesser Invulnerability | 1 | |
| Scroll of Town Portal | 1 | |
| Potion of Healing | 1 | |
5 total
team 2 (winner)
ACaringGirl (
pink | 100 APM | 3606 actions | 35:58)
8 Mountain King
3 Storm Bolt
3 Bash
1 Avatar
1 Thunder Clap
6 Paladin
3 Holy Light
3 Divine Shield
» actions
| Assign group hotkey | 29 | |
| Basic commands | 12 | |
| Build / train | 120 | |
| ESC pressed | 2 | |
| Enter build submenu | 50 | |
| Enter hero's abilities submenu | 14 | |
| Give item / drop item | 12 | |
| Remove unit from queue | 1 | |
| Right click | 1871 | |
| Select / deselect | 543 | |
| Select group hotkey | 663 | |
| Use ability | 289 | |
3606 total
» units
| Peasant | 20 | |
| Sorceress | 4 | |
| Priest | 4 | |
| Dragonhawk Rider | 4 | |
32 total
» upgrades
| Masonry | 3 | |
| Lumber Harvesting | 2 | |
| Sorceress Training | 2 | |
| Magic Sentry | 1 | |
| Backpack | 1 | |
| Priest Training | 1 | |
| Armor | 2 | |
| Animal War Training | 1 | |
13 total
» buildings
| Altar of Kings | 1 | |
| Farm | 8 | |
| Scout Tower | 79 | |
| Arcane Tower | 13 | |
| Lumber Mill | 1 | |
| Guard Tower | 19 | |
| Arcane Vault | 1 | |
| Town Hall | 2 | |
| Keep | 1 | |
| Arcane Sanctum | 1 | |
| Castle | 1 | |
| Gryphon Aviary | 1 | |
| Blacksmith | 1 | |
| Barracks | 1 | |
130 total
» build order
00:05 Altar of Kings
00:19 Farm
00:45 Scout Tower
01:16 Arcane Tower
01:21 Farm
01:48 Lumber Mill
01:59 Scout Tower
02:20 Farm
02:26 Scout Tower
02:28 Arcane Tower
03:01 Guard Tower
03:02 Scout Tower
03:15 Scout Tower
03:43 Guard Tower
03:44 Scout Tower
04:05 Guard Tower
04:23 Arcane Vault
04:28 Guard Tower
05:20 Scout Tower
05:22 Scout Tower
05:25 Town Hall
05:44 Scout Tower
05:45 Scout Tower
06:16 Arcane Tower
06:28 Guard Tower
06:31 Keep
07:10 Guard Tower
07:11 Scout Tower
07:27 Farm
07:48 Guard Tower
07:50 Scout Tower
07:52 Scout Tower
08:25 Guard Tower
09:10 Guard Tower
09:11 Scout Tower
09:17 Arcane Sanctum
09:33 Scout Tower
09:39 Scout Tower
09:41 Scout Tower
09:43 Scout Tower
09:45 Arcane Tower
09:50 Castle
11:24 Guard Tower
11:26 Scout Tower
11:27 Scout Tower
11:29 Scout Tower
11:43 Farm
12:54 Arcane Tower
12:56 Guard Tower
15:04 Scout Tower
15:05 Scout Tower
15:06 Scout Tower
15:08 Scout Tower
15:08 Scout Tower
15:10 Scout Tower
15:11 Scout Tower
15:12 Scout Tower
15:29 Gryphon Aviary
15:31 Blacksmith
15:34 Barracks
16:51 Guard Tower
17:15 Guard Tower
17:48 Scout Tower
17:48 Scout Tower
17:49 Scout Tower
17:49 Scout Tower
18:07 Guard Tower
18:08 Scout Tower
18:11 Scout Tower
18:26 Guard Tower
18:30 Scout Tower
18:31 Scout Tower
18:31 Scout Tower
18:32 Scout Tower
18:33 Scout Tower
18:37 Scout Tower
18:38 Scout Tower
18:46 Scout Tower
18:47 Scout Tower
18:48 Scout Tower
18:48 Scout Tower
19:04 Guard Tower
19:44 Guard Tower
19:47 Scout Tower
19:48 Scout Tower
19:50 Scout Tower
19:50 Scout Tower
19:51 Scout Tower
19:52 Scout Tower
20:58 Guard Tower
21:01 Scout Tower
21:02 Scout Tower
21:41 Arcane Tower
22:01 Farm
22:02 Farm
22:26 Farm
23:14 Town Hall
30:55 Scout Tower
30:56 Scout Tower
30:57 Scout Tower
30:58 Scout Tower
30:59 Scout Tower
31:01 Scout Tower
31:02 Scout Tower
31:02 Scout Tower
31:03 Scout Tower
31:04 Scout Tower
31:05 Scout Tower
31:06 Scout Tower
31:07 Scout Tower
31:08 Scout Tower
31:09 Scout Tower
31:11 Scout Tower
31:11 Scout Tower
31:12 Scout Tower
31:13 Scout Tower
31:13 Scout Tower
31:15 Scout Tower
31:16 Scout Tower
31:17 Scout Tower
31:18 Scout Tower
31:19 Scout Tower
31:30 Arcane Tower
31:32 Arcane Tower
32:02 Arcane Tower
32:36 Arcane Tower
32:55 Arcane Tower
33:06 Arcane Tower
33:08 Guard Tower
33:11 Arcane Tower
» items
| Boots of Speed | 2 | |
| Staff of Teleportation | 2 | |
| Lesser Clarity Potion | 8 | |
| Healing Salve | 2 | |
| Orb of Lightning | 2 | |
| Potion of Healing | 1 | |
| Potion of Lesser Invulnerability | 1 | |
| Staff of Sanctuary | 2 | |
| Orb of Fire | 1 | |
| Scroll of Town Portal | 1 | |
| Potion of Mana | 2 | |
24 total
Gobiner (
purple | 54 APM | 1936 actions | 36:02)
6 Blademaster
3 Wind Walk
2 Critical Strike
1 Bladestorm
» actions
| Assign group hotkey | 20 | |
| Basic commands | 103 | |
| Build / train | 83 | |
| ESC pressed | 5 | |
| Enter build submenu | 66 | |
| Enter hero's abilities submenu | 6 | |
| Give item / drop item | 7 | |
| Right click | 601 | |
| Select / deselect | 275 | |
| Select group hotkey | 519 | |
| Use ability | 251 | |
1936 total
» units
» upgrades
| Ranged Weapons | 3 | |
| Liquid Fire | 1 | |
| Reinforced Defenses | 1 | |
| Armor | 2 | |
| Burning Oil | 1 | |
| Troll Regeneration | 1 | |
9 total
» buildings
| Altar of Storms | 1 | |
| Orc Burrow | 4 | |
| War Mill | 2 | |
| Watch Tower | 44 | |
| Voodoo Lounge | 5 | |
| Stronghold | 3 | |
| Fortress | 1 | |
| Beastiary | 3 | |
| Great Hall | 4 | |
| Barracks | 1 | |
68 total
» build order
00:07 Altar of Storms
00:17 Orc Burrow
00:30 War Mill
01:42 Watch Tower
01:49 Orc Burrow
02:15 Watch Tower
02:39 Voodoo Lounge
02:52 Watch Tower
03:43 Watch Tower
04:00 Voodoo Lounge
04:07 Watch Tower
04:25 Stronghold
04:25 Stronghold
04:25 Stronghold
04:48 Watch Tower
05:03 Voodoo Lounge
05:14 Watch Tower
05:19 Watch Tower
05:52 Watch Tower
05:55 Voodoo Lounge
06:27 Watch Tower
07:08 Watch Tower
07:09 Watch Tower
07:22 Fortress
07:26 Beastiary
07:30 Beastiary
07:57 Orc Burrow
07:58 Orc Burrow
08:22 Watch Tower
08:23 Watch Tower
08:41 Voodoo Lounge
10:26 Watch Tower
10:26 Watch Tower
12:32 Watch Tower
12:33 Watch Tower
14:07 Watch Tower
14:08 Watch Tower
14:18 Watch Tower
14:53 Beastiary
15:14 Great Hall
15:17 Watch Tower
15:17 Watch Tower
15:39 Watch Tower
16:38 Watch Tower
17:16 Watch Tower
17:20 Watch Tower
17:49 Watch Tower
19:04 Watch Tower
19:06 Watch Tower
21:37 Barracks
21:57 Watch Tower
21:58 Watch Tower
23:21 Watch Tower
23:22 Watch Tower
26:39 Watch Tower
26:40 Watch Tower
26:40 Watch Tower
27:53 Watch Tower
27:53 Watch Tower
27:54 Watch Tower
29:40 Great Hall
30:53 Watch Tower
30:53 Watch Tower
30:54 Watch Tower
30:59 Watch Tower
31:48 Great Hall
32:30 War Mill
35:37 Great Hall
» items
| Boots of Speed | 1 | |
| Staff of Teleportation | 1 | |
| Lesser Clarity Potion | 3 | |
| Healing Salve | 1 | |
| Orb of Lightning | 1 | |
| Potion of Lesser Invulnerability | 1 | |
| Potion of Mana | 1 | |
9 total
NiceLegsAndButt (
red | 91 APM | 3280 actions | 35:58)
4 Archmage
2 Blizzard
2 Brilliance Aura
5 Mountain King
3 Storm Bolt
2 Bash
5 Paladin
3 Holy Light
2 Divine Shield
» actions
| Assign group hotkey | 27 | |
| Basic commands | 37 | |
| Build / train | 109 | |
| ESC pressed | 5 | |
| Enter build submenu | 58 | |
| Enter hero's abilities submenu | 15 | |
| Give item / drop item | 7 | |
| Right click | 1156 | |
| Select / deselect | 303 | |
| Select group hotkey | 1228 | |
| Use ability | 334 | |
3280 total
» units
| Peasant | 23 | |
| Sorceress | 2 | |
| Priest | 3 | |
28 total
» upgrades
| Magic Sentry | 1 | |
| Priest Training | 3 | |
| Sorceress Training | 2 | |
| Masonry | 3 | |
9 total
» buildings
| Altar of Kings | 1 | |
| Farm | 6 | |
| Lumber Mill | 1 | |
| Scout Tower | 85 | |
| Arcane Tower | 11 | |
| Guard Tower | 16 | |
| Keep | 1 | |
| Arcane Vault | 1 | |
| Castle | 1 | |
| Arcane Sanctum | 1 | |
| Town Hall | 1 | |
125 total
» build order
00:14 Altar of Kings
00:22 Farm
01:01 Lumber Mill
01:11 Farm
01:14 Scout Tower
01:40 Arcane Tower
01:40 Arcane Tower
01:53 Scout Tower
02:20 Guard Tower
02:21 Guard Tower
02:22 Scout Tower
02:48 Scout Tower
02:49 Guard Tower
02:53 Farm
03:01 Scout Tower
03:36 Scout Tower
03:37 Scout Tower
03:38 Guard Tower
04:14 Keep
04:17 Guard Tower
04:36 Scout Tower
04:37 Scout Tower
04:38 Guard Tower
05:23 Scout Tower
05:24 Scout Tower
05:26 Arcane Vault
05:42 Arcane Tower
06:27 Guard Tower
06:38 Farm
07:11 Castle
08:23 Farm
08:27 Arcane Sanctum
11:01 Town Hall
14:28 Scout Tower
14:29 Scout Tower
14:30 Scout Tower
14:47 Scout Tower
14:48 Scout Tower
14:49 Scout Tower
14:50 Scout Tower
14:51 Scout Tower
14:52 Scout Tower
14:53 Scout Tower
14:54 Scout Tower
14:55 Scout Tower
15:06 Farm
15:07 Arcane Tower
15:09 Guard Tower
15:09 Guard Tower
15:21 Scout Tower
15:28 Arcane Tower
15:30 Guard Tower
15:40 Guard Tower
15:47 Scout Tower
17:43 Guard Tower
17:50 Scout Tower
17:50 Scout Tower
17:51 Scout Tower
17:52 Scout Tower
17:52 Scout Tower
17:53 Scout Tower
17:53 Scout Tower
17:55 Scout Tower
18:33 Scout Tower
18:35 Scout Tower
18:39 Scout Tower
18:41 Scout Tower
19:10 Guard Tower
19:31 Guard Tower
19:31 Guard Tower
20:14 Scout Tower
20:18 Scout Tower
24:24 Arcane Tower
30:38 Scout Tower
30:39 Scout Tower
30:40 Scout Tower
30:40 Scout Tower
30:42 Scout Tower
30:43 Scout Tower
30:44 Scout Tower
30:44 Scout Tower
30:45 Scout Tower
30:45 Scout Tower
30:45 Scout Tower
30:46 Scout Tower
30:47 Scout Tower
30:47 Scout Tower
30:47 Scout Tower
30:47 Scout Tower
30:48 Scout Tower
30:48 Scout Tower
30:48 Scout Tower
30:48 Scout Tower
30:49 Scout Tower
30:49 Scout Tower
30:49 Scout Tower
30:50 Scout Tower
31:32 Arcane Tower
31:34 Arcane Tower
31:38 Scout Tower
31:39 Scout Tower
31:39 Scout Tower
32:03 Scout Tower
32:04 Scout Tower
32:04 Scout Tower
32:04 Scout Tower
32:05 Scout Tower
32:05 Scout Tower
32:05 Scout Tower
32:33 Arcane Tower
33:13 Arcane Tower
35:36 Arcane Tower
» items
| Circlet of Nobility | 3 | |
| Staff of Teleportation | 3 | |
| Scroll of Regeneration | 2 | |
| Lesser Clarity Potion | 3 | |
| Boots of Speed | 3 | |
| Orb of Lightning | 3 | |
| Staff of Sanctuary | 3 | |
| Scroll of Town Portal | 1 | |
| Potion of Healing | 2 | |
23 total
Chat log
(00:07 / Allies) NiceLegsAndButt: ill get am mk pal
(00:17 / All) NiceLegsAndButt: Gl hf...
(00:18 / Allies) NiceLegsAndButt: mr huggles
(00:20 / Allies) NiceLegsAndButt: seems familiar
(00:22 / All) Gobiner: |gl ghf gg eta
(00:22 / All) TheRaven1161: gl hf
(00:27 / All) TheRaven1161: red will you go out with me?
(00:32 / All) orc145626: i just ate some goldfish
(00:34 / All) NiceLegsAndButt: im taken
(00:38 / All) NiceLegsAndButt: but pink is single i think
(00:41 / All) TheRaven1161: its k,i like it dirty
(00:42 / All) ACaringGirl: by a caring girl
(00:50 / All) TheRaven1161: are you hot?
(00:55 / All) ACaringGirl: no, just caring
(00:57 / All) Gobiner: I'm single :*(
(00:57 / All) ACaringGirl: sorry.
(00:59 / All) orc145626: wait ur a hemaradite right?
(01:00 / All) TheRaven1161: ...im taken
(01:06 / All) NiceLegsAndButt: hemaradite
(01:17 / Allies) NiceLegsAndButt: i think that
(01:17 / Allies) NiceLegsAndButt: lol
(01:31 / All) Gobiner: I'm a hermathrodite
(01:33 / Allies) NiceLegsAndButt: he was even more off
(01:45 / All) TheRaven1161: im a necrophile
(01:45 / Allies) NiceLegsAndButt: damn bad spawns
(01:47 / All) orc145626: ur sexy my # is 111-222-3333
(01:49 / All) TheRaven1161: hows that make you feel?
(01:51 / Allies) NiceLegsAndButt: hard for me to milita creep our other orange
(03:20 / Allies) NiceLegsAndButt: u clown
(04:10 / Allies) NiceLegsAndButt: no shop gobiner
(04:10 / Allies) NiceLegsAndButt: woot5
(04:18 / Allies) NiceLegsAndButt: oic
(05:13 / Allies) NiceLegsAndButt: get more tower less tech
(05:35 / Allies) NiceLegsAndButt: cum heal gobiner
(05:37 / Allies) NiceLegsAndButt: then we do that orange
(05:46 / Allies) NiceLegsAndButt: how
(06:02 / Allies) NiceLegsAndButt: thats impossible for him
(06:04 / Allies) NiceLegsAndButt: its too far
(06:26 / Allies) NiceLegsAndButt: reheal
(07:31 / Allies) NiceLegsAndButt: move towers up after
(07:32 / Allies) NiceLegsAndButt: not behind that
(07:35 / Allies) NiceLegsAndButt: need hill.
(07:48 / Allies) NiceLegsAndButt: t.t
(07:59 / Allies) NiceLegsAndButt: lol what
(10:02 / Allies) Gobiner: gold for bats please thanks
(11:51 / Allies) NiceLegsAndButt: wyvm slaready
(11:53 / Allies) NiceLegsAndButt: welpp
(12:55 / Allies) NiceLegsAndButt: elf
(14:00 / Allies) NiceLegsAndButt: o fuck off
(14:04 / Allies) NiceLegsAndButt: o no
(14:08 / Allies) NiceLegsAndButt: least i got creep exps
(14:27 / Allies) NiceLegsAndButt: diodnt have scroll
(14:38 / Allies) NiceLegsAndButt: rdy to bat some wyrm too tho
(16:46 / Allies) NiceLegsAndButt: still
(16:48 / Allies) NiceLegsAndButt: no more towers left
(17:31 / Allies) NiceLegsAndButt: more tower
(18:11 / Allies) NiceLegsAndButt: keep bats @ my base
(18:13 / Allies) NiceLegsAndButt: closest to all
(18:20 / Allies) NiceLegsAndButt: oh thats ok
(19:56 / Allies) NiceLegsAndButt: already 3/3/3/7 mk pals tho
(19:57 / Allies) NiceLegsAndButt: gg
(21:13 / All) NiceLegsAndButt: u can leave now
(21:22 / All) orc145626: not really
(21:24 / All) NiceLegsAndButt: or u can have fun with our heroes all game
(21:26 / All) mr_huGGles: nah fuck ur gay strat
(23:15 / All) NiceLegsAndButt: lvl 4 am for t3 ud base
(23:17 / All) NiceLegsAndButt: sounds like a good trade
(23:38 / Allies) NiceLegsAndButt: c h i m
(23:51 / All) mr_huGGles: towers are imba imo
(23:58 / All) NiceLegsAndButt: ur bad imo
(23:58 / All) Gobiner: nah
(24:04 / All) Gobiner: you're just not good enough
(24:15 / All) mr_huGGles: sure 1v1 me?
(24:20 / All) NiceLegsAndButt: k leave
(24:37 / All) mr_huGGles: no cause u wont play me
(24:43 / All) NiceLegsAndButt: lmao
(24:45 / All) NiceLegsAndButt: nice dodge
(24:50 / All) Gobiner: sorry busy winning, can't talk
(24:52 / Allies) NiceLegsAndButt: this guy just got owned real hard
(25:52 / All) ACaringGirl: your forgot your lich
(26:24 / All) NiceLegsAndButt: Those heroes arent worth the 350 gold tps
(26:32 / All) ACaringGirl: atleast not in your hands.
(26:44 / Allies) NiceLegsAndButt: 5/5
(26:49 / Allies) ACaringGirl: 8/5
(26:49 / Allies) NiceLegsAndButt: never gotten 55 this fast before i dont thin
(26:51 / Allies) NiceLegsAndButt: k
(27:11 / All) Gobiner: thanks for the free win
(27:42 / All) ACaringGirl: surrounded against moonwells, doesnt heal
(27:44 / All) ACaringGirl: genius.
(27:55 / All) mr_huGGles: heres a fun fact
(28:13 / All) mr_huGGles: have to click moonwells then heal dk not click dk then moon wells when stunned :D
(28:15 / All) ACaringGirl: heres another fun fact: they can if you use them rather than your noob hero.
(28:30 / All) mr_huGGles: lol
(28:37 / All) mr_huGGles: sorry im not a genuis like u i sopose
(28:42 / All) NiceLegsAndButt: its ok
(28:43 / All) ACaringGirl: i suppose not
(28:58 / Allies) NiceLegsAndButt: 8/5
(28:59 / Allies) NiceLegsAndButt: .5
(29:00 / Allies) NiceLegsAndButt: lol
(29:26 / All) Gobiner: its ok, we were all new players once
(29:31 / All) Gobiner: just keep your chin up
(29:31 / All) NiceLegsAndButt: my am has more exp than 80% of your heroes
(29:34 / All) NiceLegsAndButt: and its been dead most the game
(29:56 / All) mr_huGGles: K U BUILT FUCKIN TOWERS MADE THIS GAME 100% longer then it should of and then act like ur good
(30:05 / All) Gobiner: yeah
(30:06 / All) Gobiner: we are good
(30:08 / All) ACaringGirl: its true, if we hadnt we would have ended it before tier 2
(30:08 / All) Gobiner: and you're not
(30:22 / All) TheRaven1161: go tree go!
(30:33 / All) NiceLegsAndButt: Cant even hide properly
(30:58 / Allies) NiceLegsAndButt: workin on it
(31:46 / All) orc145626: HIT F!!!
(31:51 / All) NiceLegsAndButt: i did
(32:19 / All) Gobiner: come back when you got skills son
(32:34 / All) mr_huGGles: wanna 1v1?
(32:38 / All) NiceLegsAndButt: k leave
(32:42 / All) ACaringGirl: i thought you didnt like losing
(32:49 / All) mr_huGGles: k after game ill wipser u
(33:06 / All) NiceLegsAndButt: k leave
(33:20 / All) mr_huGGles: no i wanna watch orc out micro u
(33:31 / All) NiceLegsAndButt: LOL
(33:31 / All) NiceLegsAndButt: ORC
(33:33 / All) NiceLegsAndButt: MICRO
(33:34 / All) NiceLegsAndButt: LOLOLOL
(33:37 / All) Gobiner: owned by towers yet again
(33:58 / Allies) NiceLegsAndButt: cause
(34:00 / Allies) NiceLegsAndButt: i can!
(34:27 / All) Gobiner: you guys can't even farm hide right
(34:43 / All) mr_huGGles: no farms for undead sir
(34:55 / All) NiceLegsAndButt: GJ massing gargs vs towers
(35:06 / All) mr_huGGles: i blame society
(35:21 / All) TheRaven1161: i blame bob dole like george washington did at pearl harbor
(35:23 / All) NiceLegsAndButt: i like how u challenge 1v1
(35:26 / All) NiceLegsAndButt: then want ur ally to play
(35:54 / All) ACaringGirl: whats funny is he actually seems worse than you